 Dungeon Crawl Stone Soup version 0.21-a0-205-ge9f4a53 (webtiles) character file.

4579 Nvm9 the Protected (level 10, -3/79 HPs)
             Began as a Demonspawn Fighter on Aug 20, 2017.
             Slain by a freezing wraith (12 damage)
             ... led by a death knight
             ... on level 9 of the Dungeon.
             The game lasted 00:18:11 (8451 turns).

Nvm9 the Protected (Demonspawn Fighter)             Turns: 8451, Time: 00:18:12

Health: -3/79      AC: 14    Str: 20      XL:     10   Next: 18%
Magic:  10/10      EV:  6    Int:  9      God:
Gold:   631        SH: 11    Dex: 14 (17) Spells: 9/9 levels left

rFire    . . .     SeeInvis +   a - +2 long sword
rCold    . . .     Gourm    .   c - +0 shield
rNeg     . . .     Faith    .   H - +0 chain mail {MR+}
rPois    .         Spirit   .   (no helmet)
rElec    .         Reflect  .   B - +0 cloak
rCorr    .         Harm     .   D - +0 pair of gloves
MR       +....                  (no boots)
Stlth    ..........             (no amulet)
HPRegen  0.23/turn              M - ring of see invisible
MPRegen  0.12/turn              n - ring of stealth

@: slowed, very slow
A: talons 2, thin skeletal structure 2, powered by death 1, spiny 1
a: no special abilities


You were on level 9 of the Dungeon.
You were not hungry.

You visited 2 branches of the dungeon, and saw 10 of its levels.

You collected 631 gold pieces.

Inventory:

Hand Weapons
 a - a +2 long sword (weapon)
 d - a +0 long sword
 C - a +0 long sword of holy wrath
Missiles
 e - a throwing net (quivered)
 s - 5 javelins
 u - 11 tomahawks
Armour
 c - a +0 shield (worn)
 m - a +0 plate armour
 A - the -5 shield of Beauty {rElec}
   (You acquired it on level 5 of the Dungeon)

   It insulates you from electricity.
 B - a +0 cloak (worn)
 D - a +0 pair of gloves (worn)
 H - a +0 chain mail of magic resistance (worn)
Jewellery
 i - a +1 ring of protection
 n - a ring of stealth (right hand)
 G - an uncursed ring of stealth
 M - a ring of see invisible (left hand)
Wands
 b - a wand of digging (9/24)
 t - a wand of digging (7/24)
 y - a wand of iceblast (1/15)
 z - a wand of polymorph (8/24)
 I - a wand of flame (29/48)
 K - a wand of polymorph (9/24)
Scrolls
 h - a scroll of recharging
 l - a scroll of blinking
 p - 7 scrolls of remove curse
 F - 3 scrolls of amnesia
Potions
 g - 2 potions of invisibility
 j - 5 potions of curing
 w - a potion of brilliance
 E - 2 potions of cancellation {unknown}
 J - a potion of haste {unknown}
Books
 r - a book of Air

   Spells                             Type                      Level
   a - Shock                          Conjuration/Air              1
   b - Swiftness                      Charms/Air                   2
   c - Static Discharge               Conjuration/Air              3
   d - Airstrike                      Air                          4
   e - Lightning Bolt                 Conjuration/Air              5
 v - a book of Necromancy

   Spells                             Type                      Level
   a - Pain                           Necromancy                   1
   b - Animate Skeleton               Necromancy                   1
   c - Vampiric Draining              Necromancy                   3
   d - Regeneration                   Charms/Necromancy            3
   e - Animate Dead                   Necromancy                   4
   f - Control Undead                 Necromancy                   4
Comestibles
 f - 3 bread rations
 k - 3 royal jellies
 o - 2 meat rations
 x - 3 fruits


   Skills:
 + Level 7.1 Fighting
 + Level 6.3 Long Blades
 * Level 9.1 Armour
 + Level 6.9 Shields


You had 9 spell levels left.
You didn't know any spells.

Dungeon Overview and Level Annotations

Branches:
Dungeon (9/15)             Temple (1/1) D:7            Lair (0/6) D:8
    Orc: D:9-12

Altars:
Ashenzari
Cheibriados
Dithmenos
Elyvilon
Fedhas
Gozag
Hepliaklqana
Kikubaaqudgha
Makhleb
Nemelex Xobeh
Okawaru
Ru
Trog
Uskayaw
Vehumet
Wu Jian
Xom
Yredelemnul
Zin
The Shining One

Shops:
D:4 :   D:6 }


Innate Abilities, Weirdness & Mutations

You have razor-sharp toenails.
You have a moderately thin skeletal structure. (Dex +4, Stealth+)
You regenerate a little health from kills.
You are partially covered in sharp spines.


Message History

The freezing wraith hits you but does no damage.
The freezing wraith hits you.
* * * LOW HITPOINT WARNING * * *
The freezing wraith drains your vigour!
You feel as though you will be slow longer.
The freezing wraith completely misses you.
The freezing wraith hits you but does no damage.
You see here 23 poisoned needles.
The freezing wraith is struck by your spines.
The freezing wraith hits you but does no damage. x2
The freezing wraith hits you but does no damage.
The freezing wraith hits you.
* * * LOW HITPOINT WARNING * * *
The freezing wraith drains your vigour!
You feel as though you will be slow longer.
The freezing wraith hits you but does no damage. x2
The freezing wraith hits you.
* * * LOW HITPOINT WARNING * * *
The freezing wraith freezes you!
You die...

#..# #.#.#..[).....# #..#
#.#.#)###...#.# #..###.#.#.#
#..>#.# #.......)..# #...#.#
##.###.#.#####...#.######
#####.......................
............##........# #.#
#########.####.#....#.## #.#
#.........@W.....# #.#
#.#....<.....##..###.######
####
#.######.###.....(........#
.... . #.# #####.#.........
#### #.# #.###.####.# #.#
#.# #.# .# # #.# #.# #.# # #
#.. ... ..# # #.. ..# ##.


You could see a freezing wraith.

Vanquished Creatures
  The ghost of Bikaver the Covert, a novice OpAs of Ashenzari (D:7)
  The ghost of sadgrasan the Chopper, a novice FoFi (D:5)
  Sigmund (D:4)
  5 yaks (D:9)
  A hungry ghost (D:7)
  Edmund (D:6)
  3 black bears
  An orc warrior (D:7)
  2 ice beasts
  A sky beast (D:8)
  2 ogres
  A phantom (D:7)
  2 necrophages
  The ghost of Nvm9 the Covered, an amateur DsFi (D:3)
  2 centaurs
  3 bullfrogs
  4 scorpions
  5 wights (D:7)
  A crimson imp (D:6)
  A quasit (D:9)
  A bullfrog skeleton (D:8)
  7 orc wizards
  Crazy Yiuf (D:6)
  2 orc priests
  4 jellies
  Natasha (thrice) (D:4)
  2 worker ants
  3 gnolls
  12 adders
  A shadow imp (D:5)
  An ooze (D:2)
  3 adder skeletons
  2 leopard geckos (D:1)
  22 orcs
  2 ball pythons
  5 giant cockroaches
  9 goblins
  9 hobgoblins
  12 jackals
  4 quokkas
  6 bats
  5 frilled lizards
  5 kobolds
  A leopard gecko skeleton (D:4)
  4 rats
165 creatures vanquished.

Notes
Turn   | Place    | Note
-------+----------+-------------------------------------------
     0 | D:1      | Nvm9 the Demonspawn Fighter began the quest for the Orb.
     0 | D:1      | Reached XP level 1. HP: 18/18 MP: 1/1
   218 | D:1      | Gained mutation: You regenerate a little health from kills. [demonic ancestry]
   218 | D:1      | Reached XP level 2. HP: 24/24 MP: 2/2
   346 | D:1      | Reached skill level 3 in Armour
   547 | D:1      | Reached XP level 3. HP: 28/29 MP: 3/3
  1206 | D:2      | Reached XP level 4. HP: 23/35 MP: 4/4
  1881 | D:3      | Noticed Nvm9's ghost (amateur DsFi)
  1896 | D:3      | Killed Nvm9's ghost
  1896 | D:3      | Reached XP level 5. HP: 10/42 MP: 5/5
  2282 | D:3      | Reached skill level 4 in Armour
  2313 | D:3      | Noticed a black bear
  2321 | D:3      | Killed a black bear
  2321 | D:3      | Gained mutation: You are partially covered in sharp spines. [demonic ancestry]
  2321 | D:3      | Reached XP level 6. HP: 33/48 MP: 6/6
  2484 | D:3      | Found an ancient bone altar of Kikubaaqudgha.
  2608 | D:3      | Found an opulent altar of Gozag.
  2852 | D:4      | Noticed Natasha
  2859 | D:4      | Killed Natasha
  2864 | D:4      | Found Xomued's Book Shop.
  2962 | D:4      | Found a shattered altar of Ashenzari.
  3007 | D:4      | Noticed Sigmund
  3032 | D:4      | Killed Sigmund
  3032 | D:4      | Reached skill level 5 in Armour
  3032 | D:4      | Gained mutation: You have a somewhat thin skeletal structure. (Dex +2, Stealth) [demonic ancestry]
  3032 | D:4      | Reached XP level 7. HP: 55/55 MP: 7/7
  3111 | D:4      | Found a sparkling altar of Nemelex Xobeh.
  3144 | D:4      | Noticed Natasha
  3146 | D:4      | Killed Natasha
  3238 | D:4      | Noticed Natasha
  3243 | D:4      | Killed Natasha
  3580 | D:5      | Entered Level 5 of the Dungeon
  3585 | D:5      | Noticed sadgrasan's ghost (novice FoFi)
  3595 | D:5      | Killed sadgrasan's ghost
  3595 | D:5      | Reached skill level 5 in Fighting
  3740 | D:5      | Gained mutation: You have a moderately thin skeletal structure. (Dex +4, Stealth+) [demonic ancestry]
  3740 | D:5      | Reached XP level 8. HP: 55/62 MP: 8/8
  4128 | D:5      | Found a glowing golden altar of the Shining One.
  4163 | D:5      | Found a blossoming altar of Fedhas.
  4239 | D:5      | Found a snail-covered altar of Cheibriados.
  4258 | D:5      | Reached skill level 6 in Armour
  4597 | D:5      | Reached skill level 5 in Shields
  4712 | D:6      | Noticed Edmund
  4732 | D:6      | Killed Edmund
  5081 | D:6      | Reached skill level 5 in Long Blades
  5125 | D:6      | Found Lups's Gadget Boutique.
  5144 | D:6      | Reached skill level 7 in Armour
  5188 | D:6      | Found a bloodstained altar of Trog.
  5234 | D:6      | Found a burning altar of Makhleb.
  5248 | D:6      | Found a runed door.
  5287 | D:6      | Found an iron altar of Okawaru.
  5584 | D:6      | Noticed Crazy Yiuf
  5599 | D:6      | Killed Crazy Yiuf
  5599 | D:6      | Gained mutation: You have sharp toenails. [demonic ancestry]
  5599 | D:6      | Reached XP level 9. HP: 69/69 MP: 9/9
  5791 | D:5      | Identified a scroll of acquirement
  5794 | D:5      | Got a fine shield
  5805 | D:5      | Identified the -5 shield of Beauty {rElec} (You acquired it on level 5 of the Dungeon)
  5892 | D:7      | Found a radiant altar of Vehumet.
  5892 | D:7      | Found a staircase to the Ecumenical Temple.
  5926 | Temple   | Entered the Ecumenical Temple
  6673 | D:7      | Noticed Bikaver's ghost (novice OpAs)
  6683 | D:7      | Killed Bikaver's ghost
  6737 | D:7      | Reached skill level 8 in Armour
  7245 | D:8      | Found a radiant altar of Vehumet.
  7627 | D:8      | Found a staircase to the Lair.
  7795 | D:9      | Gained mutation: You have razor-sharp toenails. [demonic ancestry]
  7795 | D:9      | Reached XP level 10. HP: 73/77 MP: 10/10
  7810 | D:9      | Reached skill level 9 in Armour
  7864 | D:9      | Noticed a death knight
  8451 | D:9      | Slain by a freezing wraith

Vault maps used:
D:1:      evilmike_arrival_crescent, wad_floor_pattern_1,
          minmay_misc_feat_plants, columned_hall_lemuel, corner_web_ring
D:2:      first_bread, minmay_tromino_i2
D:3:      lemuel_round_altar, marbit_many_paths, minivault_25
D:4:      nemelex_xobeh_ov_fountains_minmay, serial_shops, shop_fountains,
          hex_large, hangedman_decor_lopped, grunt_ministairs_7,
          evilmike_ruin_ashenzari, uniq_sigmund, uniq_natasha
D:5:      kennysheep_little_box, nicolae_overflow_hidden_temple,
          lemuel_crystal_altar
D:6:      cheibrodos_iron_armory, lemuel_crystal_altar, lightli_temple_of_fire,
          kennysheep_okawaru_gauntlet, serial_shops, shop,
          uniq_crazy_yiuf_cottage, uniq_edmund
D:7:      minmay_temple_entry_trees, basic_altar
D:8:      kennysheep_mini, lair_entry_dummy
D:9:      nicolae_overflow_crystal_walls, lemuel_coloured_pillars_altar,
          enter_bailey_2
Temple:   zaba_magenta_temple

Skill      XL: |  1  2  3  4  5  6  7  8  9 10 |
---------------+-------------------------------+-----
Long Blades    | 2 3 4 5 6 |  6.3
Armour         | 3 4 5 7 8 9 |  9.1
Shields        | 3 4 5 6 |  6.9
Fighting       | 4 5 6 7 |  7.1

Action                   |  1- 3 |  4- 6 |  7- 9 | 10-12 || total
-------------------------+-------+-------+-------+-------++-------
Melee: Long sword        |   100 |   111 |   274 |    63 ||   548
       Kick              |       |       |    68 |    33 ||   101
Evoke: Wand              |       |       |     1 |       ||     1
  Use: Scroll            |     6 |     5 |     2 |     2 ||    15
       Potion            |       |     2 |     2 |       ||     4
 Stab: Sleeping          |       |       |     3 |       ||     3
  Eat: Chunk             |     1 |     5 |     9 |     2 ||    17
       Bread ration      |       |       |     3 |       ||     3
Armor: Scale mail        |    54 |    45 |    48 |       ||   147
       Chain mail        |       |       |    58 |    50 ||   108
       Skin              |       |       |     4 |       ||     4
Dodge: Dodged            |    39 |    30 |    52 |    23 ||   144
Block: Shield            |    62 |    54 |   134 |    32 ||   282
       Rpst.: Long sword |    13 |     7 |    17 |     7 ||    44
